 Dungeon Crawl Stone Soup version 0.30-a0-743-gbfdf073431 (webtiles) character file.

Game seed: 14197113184675491037

50 Leeroy the Slasher (level 3, -5/18 HPs)
             Began as a Vine Stalker Warper on Feb 7, 2023.
             Slain by Sigmund
             ... wielding a +0 scythe
              (8 damage)
             ... on level 2 of the Dungeon.
             The game lasted 00:01:26 (1350 turns).

Leeroy the Slasher (Vine Stalker Warper)            Turns: 1350, Time: 00:01:26

Health: -5/18      AC:  3    Str: 12    XL:     3   Next: 79%
Magic:  0/7        EV: 11    Int: 17    God:
Gold:   112        SH:  0    Dex: 14    Spells: 6/6 levels left

rFire   . . .      SeeInvis .    p - +0 long sword
rCold   . . .      Faith    .    (no shield)
rNeg    . . .      Spirit   +    b - +0 leather armour
rPois   .          Reflect  .    (no helmet)
rElec   .          Harm     .    (no cloak)
rCorr   .          Rampage  .    (no gloves)
Will    .....                    (no boots)
Stlth   +                        (no amulet)
HPRegen 0.23/turn                (no ring)
MPRegen 0.10/turn                (no ring)

@: brilliant
A: fangs 2, magic shield, antimagic bite, no potion heal 2, talons 1, clever 1
a: no special abilities


You were on level 2 of the Dungeon.
You visited 1 branch of the dungeon, and saw 2 of its levels.

You collected 112 gold pieces.

Inventory:

Hand Weapons
 a - a +0 falchion
 p - a +0 long sword (weapon)
Missiles
 d - 4 boomerangs of dispersal (quivered)
 l - 6 poisoned darts
Armour
 b - a +0 leather armour (worn)
Jewellery
 h - a +5 ring of evasion
Scrolls
 c - a scroll of blinking
 e - a scroll of enchant weapon {unknown}
 g - 3 scrolls of identify {unknown}
 k - a scroll of teleportation {unknown}
 m - a scroll of fog {unknown}
 n - 4 scrolls of immolation {unknown}
 o - a scroll of torment {unknown}
 q - a scroll of fear {unknown}
Potions
 f - a potion of mutation
 i - a potion of resistance {unknown}
 j - a potion of brilliance


   Skills:
 - Level 1.7 Fighting
 + Level 3.6 Long Blades
 - Level 0.8 Throwing
 - Level 0.7 Armour
 - Level 1.5 Dodging
 - Level 2.1 Spellcasting
 - Level 3.0 Translocations


You had 6 spell levels left.
You didn't know any spells.
Your spell library contained the following spells:

 Spells                   Type           Power      Damage    Failure   Level
 Blink                    Tloc           36%        N/A       11%         2
 Lesser Beckoning         Tloc           36%        N/A       11%         2
 Teleport Other           Tloc           18%        N/A       22%         3
 Vhi's Electric Charge    Tloc/Air       20%        N/A       36%         3
 Manifold Assault         Tloc           18%        N/A       56%         4


Dungeon Overview and Level Annotations

Branches:
Dungeon (2/15)

Altars:

Shops:
D:1 =

Annotations:
D:2 Sigmund


Innate Abilities, Weirdness & Mutations

You have extremely sharp teeth.
When hurt, damage is shared between your health and your magic reserves.
Your bite disrupts and absorbs the magic of your enemies.
Potions cannot restore your health.
You have sharp toenails.
Your mind is acute. (Int +4, Str/Dex -1)


Message History

Sigmund the Dreaded comes into view.
He is wielding a +0 scythe.
Sigmund is nearby!
Sigmund is nearby!
Sigmund shouts!
Sigmund casts a spell at you. The puff of flame hits you.
Sigmund gestures at you while chanting. The magic dart hits you!
Sigmund points at you and mumbles some strange words.
You are confused.
You bump into the rock wall.
You bump into the rock wall.
You bump into the rock wall.
It was a potion of mutation.
You feel extremely strange.
You feel clever.
Your toenails lengthen and sharpen.
You are too confused!
Unknown command.
Okay, then.
You are too confused!
It was a potion of brilliance.
You feel clever all of a sudden.
You don't know any spells.
Non-targeted confused throw: 7 boomerangs (disperse)
Press: ? - help, Q - select action, (/) - cycle Dir - look around, f - activate You throw a boomerang of dispersal.
Sigmund hits you from afar with a +0 scythe.
Non-targeted confused throw: 6 boomerangs (disperse)
Press: ? - help, Q - select action, (/) - cycle Dir - look around, f - activate You throw a boomerang of dispersal.
You feel less confused. Sigmund casts a spell at you. The magic dart hits you!
* * * LOW HITPOINT WARNING * * *
Throw: 5 boomerangs (disperse)
Press: ? - help, Q - select action, (/) - cycle Shift-Dir - straight line, f - Sigmund
Aim: Sigmund, wielding a +0 scythe and wearing a +0 robe (53% to hit)
You throw a boomerang of dispersal.
The boomerang of dispersal closely misses Sigmund.
Sigmund hits you from afar with a +0 scythe!
You die...

##..# # ....####.#
.........# #
########## #. #
.#### . .... ## ##
..# ... #.#####..##
#@.@.......
#.###....#.
#...........#
#.###.##.#..# ###
#<# ##.#..# ..##
#######†###.##.#..#
...##
............##.#..#
....#
.######.######.#..#
....# #.######.#..#


You could see Sigmund.

Vanquished Creatures
  2 adders (D:2)
  2 worms (D:2)
  5 bats
  3 endoplasms (D:1)
  A giant cockroach (D:2)
  2 goblins (D:1)
  3 hobgoblins (D:1)
  2 kobolds
  3 ball pythons
  3 frilled lizards (D:1)
  2 rats
28 creatures vanquished.

Notes
Turn   | Place    | Note
-------+----------+-------------------------------------------
     0 | D:1      | Leeroy the Vine Stalker Warper began the quest for the Orb.
     0 | D:1      | Reached XP level 1. HP: 11/11 MP: 4/4
   240 | D:1      | Found Piffaran's Jewellery Shoppe.
   243 | D:1      | Reached XP level 2. HP: 15/15 MP: 6/6
   693 | D:1      | Found a faded altar of an unknown god.
   930 | D:2      | Reached XP level 3. HP: 18/18 MP: 7/7
  1338 | D:2      | Noticed Sigmund
  1346 | D:2      | Gained mutation: Your mind is acute. (Int +4, Str/Dex -1)
                  | [potion of mutation]
  1346 | D:2      | Gained mutation: You have sharp toenails. [potion of
                  | mutation]
  1350 | D:2      | Slain by Sigmund

Illustrated notes

Levels and vault maps discovered:
D:1:      lordsloth_arrival_two_stooges, layout_basic,
          shapermc_ecumenical_altar_hornbeckon, serial_shops, shop_statue
D:2:      layout_loops_ring, uniq_sigmund

Skill      XL: |  1  2 |
---------------+-------+-----
Long Blades    | 2 3 |  3.6
Fighting       | |  1.7
Throwing       | |  0.8
Armour         | |  0.7
Dodging        | |  1.5
Spellcasting   | |  2.1
Translocations | |  3.0

Action                     || total
---------------------------++-------
  Melee: Falchion          ||    58
         Bite              ||    20
         Long sword        ||    15
  Throw: Boomerang         ||     3
    Use: Potion            ||     4
 Armour: Leather armour    ||    35
  Dodge: Dodged            ||    36

Table legend: (Time is in decaauts)
 A = Elapsed time spent in this place.
 B = Non-inter-level travel time spent in this place.
 C = Inter-level travel time spent in this place.
 D = Time resting spent in this place.
 E = Time spent auto-exploring this place.
 F = Levels seen in this place.
 G = Mean time per level.
                   A        B        C        D        E       F      G
               +--------+--------+--------+--------+--------+-----+--------+
         Total |   1369 |   1328 |     41 |      0 |   1102 |   2 |  684.5 |
       Dungeon |   1369 |   1328 |     41 |      0 |   1102 |   2 |  684.5 |
               +--------+--------+--------+--------+--------+-----+--------+

Top non-repeatable levels by time:
     D:1: 839 daAuts
     D:2: 530 daAuts
